 Dungeon Crawl Stone Soup version 0.28.0 (webtiles) character file.

Game seed: 4396676402791163125

165 GrayStillPlays the Insei (level 5, -2/39 HPs)
             Began as a Merfolk Transmuter on Feb 4, 2022.
             Slain by an acid dragon (9 damage)
             ... on level 4 of the Dungeon.
             The game lasted 00:10:49 (4087 turns).

GrayStillPlays the Insei (Merfolk Transmuter)       Turns: 4087, Time: 00:10:50

Health: -2/39      AC: -2    Str: 10    XL:     5   Next: 46%
Magic:  9/9        EV: 13    Int: 15    God:
Gold:   152        SH:  0    Dex: 14    Spells: 8/9 levels left

rFire   . . .      SeeInvis .   e - +2 dagger (venom) {short}
rCold   . . .      Faith    .   (no shield)
rNeg    . . .      Spirit   .   a - +0 robe
rPois   .          Reflect  .   (no helmet)
rElec   .          Harm     .   (no cloak)
rCorr   .          Rampage  .   (no gloves)
Will    .....                   (no boots)
Stlth   +.........              (no amulet)
HPRegen 0.13/turn               (no ring)
MPRegen 0.11/turn               (no ring)

@: corroded
A: (nimble swimmer 2), mertail
a: no special abilities


You were on level 4 of the Dungeon.
You visited 1 branch of the dungeon, and saw 4 of its levels.

You collected 152 gold pieces.


Innate Abilities, Weirdness & Mutations

((You are very nimble when in or above water. (Stealth+, EV+, Speed+++)))
Your lower body shifts to a powerful aquatic tail in water.


   Skills:
 + Level 2.5 Fighting
 + Level 4.0 Dodging
 + Level 4.1 Unarmed Combat
 + Level 2.9 Spellcasting
 + Level 4.0 Transmutations


You had 8 spell levels left.
You knew the following spells:

 Your Spells              Type           Power      Damage    Failure   Level
a - Beastly Appendage     Tmut           28%        N/A       4%          1

Your spell library contained the following spells:

 Spells                   Type           Power      Damage    Failure   Level
 Wereblood                Tmut           14%        N/A       6%          2
 Spider Form              Tmut/Pois      8%         N/A       26%         3
 Ice Form                 Ice/Tmut       8%         N/A       65%         4

Inventory:

Hand Weapons
 e - a +2 dagger of venom (weapon) {short}
   (You took it off a kobold on level 1 of the Dungeon)
Missiles
 b - a datura-tipped dart (quivered) {throwing}
 c - 4 poisoned darts {throwing}
 d - 54 stones {throwing}
 j - 27 arrows
Armour
 a - a +0 robe (worn)
Scrolls
 f - a scroll of identify {@r1}
Potions
 g - a potion of ambrosia {unknown}
 h - a potion of flight {unknown}
 i - a potion of might {unknown}

Dungeon Overview and Level Annotations

Branches:
Dungeon (4/15)
 Temple: D:4-7

Altars:

Annotations:
D:2 1 runed translucent door, Crazy Yiuf
D:3 Grinder

#########
#.......#
#@# .# #D#
###.####
#.###.......
#...(...#
#####(###
###.#####
#....>..####
#.#.#.)....#
#.#.#)#.##.#


You could see a neutral acid dragon (fast, strong, insane).


Message History

* * * LOW HITPOINT WARNING * * *
You feel sick. 😱 HP[-1]
You take 1 damage, and now have 6/39 hp.
You start resting.
* * * LOW HITPOINT WARNING * * *
You feel sick. 😱 HP[-1]
You take 1 damage, and now have 5/39 hp.
You start resting.
* * * LOW HITPOINT WARNING * * *
You feel sick.
* * * LOW HITPOINT WARNING * * *
You feel sick.
* * * LOW HITPOINT WARNING * * *
You feel sick.
* * * LOW HITPOINT WARNING * * *
You feel sick.
You are no longer poisoned. 😎 HP[+34]
Your hp is fully restored (39).
You start waiting.
Done waiting.
You open the door.
There is an open door here.
You now have 152 gold pieces (gained 12).
You open the door.
There is an open door here.
An orc comes into view. It is wielding a +0 hand axe.
The orc shouts!
A quokka comes into view.
An orc comes into view. It is wielding a +0 hand axe.
An orc comes into view. It is wielding a +0 falchion.
You see here 3 datura-tipped darts {throwing}.
b - 3 datura-tipped darts {throwing} An orc priest comes into view.
It is wielding a +0 club.
The orc closely misses you.
Found a stone staircase leading down.
The quokka bites you. 😕 HP[-3]
You take 3 damage, and now have 36/39 hp.
You hit the quokka.
The quokka is poisoned.
The quokka barely misses you. 😕 HP[+1]
You hit the quokka.
You kill the quokka!
You hit the orc.
The orc is poisoned.
You closely miss the orc. The orc hits you but does no damage.
The orc misses you.
You closely miss the orc. The orc hits you with a +0 hand axe.
The orc barely misses you. 😕 HP[-6]
You take 6 damage, and now have 31/39 hp.
You barely miss the orc.
You kill the orc!
Your Transmutations skill increases to level 4!
You barely miss the orc.
The orc hits you with a +0 falchion. 😮 HP[-2]
You take 2 damage, and now have 29/39 hp.
You hit the orc.
The orc is poisoned.
The orc barely misses you. x2
You hit the orc.
You kill the orc!
The orc hits you with a +0 hand axe. 😮 HP[-5]
You take 5 damage, and now have 24/39 hp.
You hit the orc.
The orc is poisoned.
The orc hits you with a +0 hand axe. 😮 HP[-2]
You take 2 damage, and now have 22/39 hp.
You hit the orc.
The orc looks as sick as possible!
The orc barely misses you.
You hit the orc but do no damage.
The orc looks as sick as possible!
You kill the orc! 😮 HP[+1]
You start resting.
An acid dragon comes into view. 😕 HP[+11]
You regained 11 hp, and now have 34/39 hp.
The acid dragon roars!
The acid dragon spits acid at you. The splash of acid hits you!
The acid corrodes you! 😮 HP[-12]
You take 12 damage, and now have 22/39 hp.
MASSIVE DAMAGE!! (PAUSE)
Okay, then.
Throw: 3 darts (datura) {throwing}
Press: ? - help, Q - select action, (/) - cycle Shift-Dir - straight line, f - acid dragon
Aim: an acid dragon (catching its breath, 59% to hit, chance to frenzy on hit: 27%)
You throw a datura-tipped dart {throwing}.
The datura-tipped dart {throwing} hits the acid dragon.
The acid dragon resists. 😮 HP[+1] Throw: 2 darts (datura) {throwing}
Press: ? - help, Q - select action, (/) - cycle Shift-Dir - straight line, f/p - acid dragon
Aim: an acid dragon (catching its breath, 59% to hit, chance to frenzy on hit: 27%)
You throw a datura-tipped dart {throwing}.
The datura-tipped dart {throwing} hits the acid dragon.
The acid dragon flies into a frenzy!
The acid dragon roars!
The acid dragon bites you!
* * * LOW HITPOINT WARNING * * *
The acid dragon claws you!
You die...

Skill      XL: |  1  2  3  4  5 |
---------------+----------------+-----
Dodging        | 3 4 |  4.0
Transmutations | 3 4 |  4.0
Fighting       | 2 |  2.5
Unarmed Combat | 4 |  4.1
Spellcasting   | |  2.9

Action                   |  1- 3 |  4- 6 || total
-------------------------+-------+-------++-------
Melee: Unarmed           |    36 |       ||    36
       Headbutt          |    12 |       ||    12
       Dagger            |    51 |    70 ||   121
       Punch             |     2 |       ||     2
Throw: Dart              |     2 |    63 ||    65
       Stone             |       |     8 ||     8
 Cast: Beastly Appendage |    30 |       ||    30
  Use: Scroll            |       |     1 ||     1
       Potion            |       |     1 ||     1
 Stab: Sleeping          |     1 |       ||     1
Armor: Robe              |     7 |    10 ||    17
Dodge: Dodged            |    41 |    56 ||    97

Levels and vault maps discovered:
D:1:      minmay_arrival_open_corners, layout_loops_corners,
          ebering_ecumenical_altar_mist, minmay_misc_feat_nine_boxes
D:2:      layout_loops_ring, uniq_crazy_yiuf_cottage
D:3:      cheibrodos_thug_alley, layout_basic, gammafunk_temple_overflow_pools,
          uniq_grinder
D:4:      lemuel_castle_with_subvaults [lemuel_castle_interior_carwin_3],
          layout_loops_corners, minivault_26

Notes
Turn   | Place    | Note
-------+----------+-------------------------------------------
     0 | D:1      | GrayStillPlays the Merfolk Transmuter began the quest for
                  | the Orb.
     0 | D:1      | Reached XP level 1. HP: 15/15 MP: 3/3
     0 | D:1      | magus.rc [v1.9.6]
    36 | D:1      | Found a faded altar of an unknown god.
   176 | D:1      | Reached XP level 2. HP: 21/21 MP: 3/5
   265 | D:1      | Reached skill level 3 in Dodging
   265 | D:1      | Reached skill level 3 in Transmutations
   689 | D:1      | Reached XP level 3. HP: 22/27 MP: 4/6
  1608 | D:2      | Reached skill level 2 in Fighting
  1728 | D:2      | Reached XP level 4. HP: 33/33 MP: 5/7
  2035 | D:2      | Found a runed translucent door.
  2036 | D:2      | Noticed Crazy Yiuf
  2734 | D:3      | Noticed Grinder
  2747 | D:3      | Paralysed by Grinder for 5 turns
  2804 | D:3      | Reached skill level 4 in Unarmed Combat
  2804 | D:3      | Reached XP level 5. HP: 32/39 MP: 9/9
  3450 | D:3      | HP: 5/39 [hobgoblin (8)]
  3455 | D:3      | Reached skill level 4 in Dodging
  3516 | D:3      | Noticed a kobold brigand
  3524 | D:3      | HP: 9/39 [poisoned by a kobold brigand]
  3529 | D:3      | HP: 4/39 [poisoned by a kobold brigand]
  3547 | D:4      | HP: 6/39 [poisoned by a kobold brigand]
  3551 | D:4      | HP: 2/39 [poisoned by a kobold brigand]
  3982 | D:4      | Reached skill level 4 in Transmutations
  4082 | D:4      | Noticed an acid dragon
  4087 | D:4      | HP: 7/39 [acid dragon (16)]
  4087 | D:4      | Slain by an acid dragon

Vanquished Creatures
  An orc wizard (D:3)
  3 gnolls (D:2)
  3 adders
  An adder skeleton (D:2)
  3 worms
  3 dart slugs (D:1)
  4 orcs
  4 bats
  2 endoplasms (D:1)
  2 giant cockroaches (D:1)
  4 goblins
  8 hobgoblins
  8 kobolds
  5 quokkas
  6 ball pythons
  6 rats
63 creatures vanquished.

Table legend:
 A = Non-vault XP
 B = Vault XP
 C = Vault XP percentage of total XP
 D = Non-vault monster count
 E = Vault monster count
 F = Vault count percentage of total count
                 A         B        C        D         E       F
            +---------+---------+-------+---------+---------+-------
      Total |     233 |       3 |   1.3 |      61 |       2 |   3.2
            +---------+---------+-------+---------+---------+-------
        D:1 |      48 |       0 |   0.0 |      24 |       0 |   0.0
        D:2 |     117 |       0 |   0.0 |      27 |       0 |   0.0
        D:3 |      57 |       3 |   5.0 |       6 |       2 |  25.0
        D:4 |      11 |       0 |   0.0 |       4 |       0 |   0.0
            +---------+---------+-------+---------+---------+-------

Illustrated notes

Table legend:
 A = Kills in this place as a percentage of kills in entire the game.
 B = Kills by you in this place as a percentage of kills by you in the entire game.
 C = Kills by friends in this place as a percentage of kills by friends in the entire game.
 D = Other kills in this place as a percentage of other kills in the entire game.
 E = Experience gained in this place as a percentage of experience gained in the entire game.
 F = Experience gained in this place divided by the number of levels of this place that you have seen.
                   A       B       C       D       E      F
               +-------+-------+-------+-------+-------+----------------------
         Total | 100.0 | 100.0 |   N/A |   N/A | 100.0 |  59.0
       Dungeon | 100.0 | 100.0 |   N/A |   N/A | 100.0 |  59.0
               +-------+-------+-------+-------+-------+----------------------

Table legend: (Time is in decaauts)
 A = Elapsed time spent in this place.
 B = Non-inter-level travel time spent in this place.
 C = Inter-level travel time spent in this place.
 D = Time resting spent in this place.
 E = Time spent auto-exploring this place.
 F = Levels seen in this place.
 G = Mean time per level.
                   A        B        C        D        E       F      G
               +--------+--------+--------+--------+--------+-----+--------+
         Total |   4083 |   3968 |    115 |    979 |   2225 |   4 | 1020.8 |
       Dungeon |   4083 |   3968 |    115 |    979 |   2225 |   4 | 1020.8 |
               +--------+--------+--------+--------+--------+-----+--------+

Top non-repeatable levels by time:
     D:2: 1702 daAuts
     D:1: 1290 daAuts
     D:3: 551 daAuts
     D:4: 539 daAuts
